 Dungeon Crawl Stone Soup version 0.31-a0-1356-gade28b5 (webtiles) character file.

Game seed: 18169632042631580595

1607533 Wizard1ke the Disciple (level 27, 436/436 HPs)
             Began as a Troll Shapeshifter on Dec 22, 2023.
             Was an Initiate of Sif Muna.
             Escaped with the Orb
             ... and 3 runes on Dec 23, 2023!
             The game lasted 03:06:51 (77372 turns).

Wizard1ke the Disciple (Troll Shapeshifter)        Turns: 77372, Time: 03:06:52

Health: 436/436    AC: 13    Str: 56    XL:     27
Magic:  40/41      EV:  8    Int:  6    God:    Sif Muna [......]
Gold:   6292       SH:  0    Dex: 18    Spells: 10/36 levels left

rFire   + +          +
                       - Unarmed
rCold   + . .        (shield currently unavailable)
rNeg    . . .        (body armour currently unavailable)
rPois   +            (helmet currently unavailable)
rElec   +            (cloak currently unavailable)
rCorr   .            (gloves unavailable)
SInv    +            (boots unavailable)
Will    +++..        c - amulet of the Princeling {Faith rElec SInv Stlth+}
Stlth   +            L - ring "Daologh" {Wiz rC++ Dex+2}
HPRegen 1.72/turn    W - ring "Jeoh Sam" {^Contam rF+ Will+ Str+4 Dex+6}
MPRegen 0.27/turn

%: faith, wizardry (x1)
@: dragon-form, flying, studying Long Blades
A: dragon claw, dragon scales, breathe fire, flying, boosted hp, giant,
unfitting armour, (claws 3), regeneration 1, (shaggy fur 1), (tough skin 1),
clumsy 1, (deformed body), high MP 1, (cold vulnerability 1), subdued magic 1
0: Orb of Zot
}: 3/15 runes: decaying, serpentine, silver
a: Breathe Fire, Begin Untransformation, Renounce Religion


You escaped.
You worshipped Sif Muna.
Sif Muna was noncommittal.
You were a fearsome dragon!
You visited 10 branches of the dungeon, and saw 48 of its levels.
You also visited: Gauntlet and Wizlab.

You collected 8138 gold pieces.
You spent 1846 gold pieces at shops.

Inventory:

Hand Weapons
 s - a +3 scythe of venom
Missiles
 Q - 3 throwing nets
 S - 9 curare-tipped darts
Jewellery
 a - a ring of resist corrosion
 c - the amulet of the Princeling (around neck) {Faith rElec SInv Stlth+}
   (You found it in a Gauntlet)

   [amulet of faith]

   Faith:     It allows you to gain divine favour quickly.
   rElec:     It insulates you from electricity.
   SInv:      It lets you see invisible.
   Stlth+:    It makes you more stealthy.
 d - the amulet "Uzylui" {RegenMP rN++ Dex+2}
   (You found it in a Gauntlet)

   [amulet of magic regeneration]

   RegenMP:   It increases your rate of magic regeneration.
   Dex+2:     It affects your dexterity (+2).
   rN++:      It greatly protects you from negative energy.
 j - a ring of protection from fire
 t - the amulet "Xemusk" {Will++ Regen+}
   (You found it on level 3 of the Depths)

   [amulet of regeneration]

   Will++:    It greatly increases your willpower.
   Regen+:    It increases your rate of health regeneration.
 G - the ring "Jehotuec" {rElec Str+6 Dex+2 Stlth+}
   (You found it on level 3 of the Depths)

   [ring of strength]

   Str+6:     It affects your strength (+6).
   Dex+2:     It affects your dexterity (+2).
   rElec:     It insulates you from electricity.
   Stlth+:    It makes you more stealthy.
 H - a ring of protection from cold
 L - the ring "Daologh" (left foreclaw) {Wiz rC++ Dex+2}
   (You found it on level 4 of the Depths)

   [ring of wizardry]

   Wiz:       It improves your spell success rate.
   Dex+2:     It affects your dexterity (+2).
   rC++:      It greatly protects you from cold.
 W - the ring "Jeoh Sam" (right foreclaw) {^Contam rF+ Will+ Str+4 Dex+6}
   (You acquired it on level 3 of the Lair of Beasts)

   [ring of willpower]

   Str+4:     It affects your strength (+4).
   Dex+6:     It affects your dexterity (+6).
   rF+:       It protects you from fire.
   Will+:     It increases your willpower.
   ^Contam:   It causes magical contamination when unequipped.
Talismans
 b - the dragon-blood talisman of Leci (active) {Str+2 Dex+3 SInv}
   (You found it on level 15 of the Dungeon)

   [dragon-blood talisman]

   Str+2:     It affects your strength (+2).
   Dex+3:     It affects your dexterity (+3).
   SInv:      It lets you see invisible.
 p - a talisman of death
 K - a storm talisman
Wands
 u - a wand of roots (27)
 z - a wand of polymorph (10)
 M - a wand of paralysis (52)
 T - a wand of mindburst (18)
 U - a wand of quicksilver (22)
 V - a wand of digging (24)
Scrolls
 f - 6 scrolls of fog
 k - 14 scrolls of teleportation
 l - 8 scrolls of vulnerability
 m - 11 scrolls of poison
 v - a scroll of acquirement
 y - a scroll of revelation
 A - 6 scrolls of blinking
 D - a scroll of torment
 J - 8 scrolls of immolation
 O - 2 scrolls of silence {!r}
 R - 7 scrolls of amnesia
Potions
 e - a potion of cancellation
 g - 3 potions of berserk rage {!q}
 i - 12 potions of ambrosia
 q - 4 potions of invisibility
 w - 4 potions of brilliance
 x - 5 potions of lignification
 B - 6 potions of might
 C - 4 potions of mutation
 E - 15 potions of curing
 F - 6 potions of attraction
 N - 3 potions of enlightenment
 P - 4 potions of heal wounds
 Y - 6 potions of resistance
 Z - 5 potions of magic
Miscellaneous
 h - a lightning rod (4/4)
 n - a condenser vane
 o - a box of beasts
 r - a phial of floods
 X - a phantom mirror


   Skills:
 - Level 20.0 Fighting
 - Level 1.6 Dodging
 - Level 22.0 Unarmed Combat
 - Level 5.0 Spellcasting
 - Level 13.3 Translocations
 - Level 12.0 Air Magic
 + Level 22.7 Invocations
 - Level 5.0 Evocations
 - Level 18.0 Shapeshifting


You had 10 spell levels left.
You knew the following spells:

 Your Spells              Type           Power      Damage    Failure   Level
a - Blink                 Tloc           26%        N/A       1%          2
b - Vhi's Electric Charg  Tloc/Air       24%        N/A       1%          4
c - Apportation           Tloc           26%        N/A       1%          1
d - Passage of Golubria   Tloc           13%        N/A       1%          4
e - Swiftness             Air            12%        N/A       1%          3
f - Lesser Beckoning      Tloc           26%        N/A       1%          2
g - Manifold Assault      Tloc           13%        N/A       1%          4
h - Dispersal             Tloc           6%         N/A       7%          6

Your spell library contained the following spells:

 Spells                   Type           Power      Damage    Failure   Level
 Shock                    Conj/Air       24%        1d4       1%          1
 Mercury Vapours          Alch/Air       12%        N/A       1%          2
 Momentum Strike          Conj/Tloc      14%        3d8       1%          2
 Static Discharge         Conj/Air       12%        3-4/arc   1%          2
 Gell's Gravitas          Tloc           13%        N/A       1%          3
 Teleport Other           Tloc           13%        N/A       1%          3
 Volatile Blastmotes      Fire/Tloc      14%        2d11      1%          3
 Airstrike                Air            6%         2d(1-17)  1%          4
 Cigotuvi's Dreadful Rot  Necr/Alch/Air  8%         N/A       2%          2
 Mephitic Cloud           Conj/Alch/Air  4%         N/A       6%          3
 Dimensional Bullseye     Hex/Tloc       3%         N/A       7%          4
 Iskenderun's Mystic Bla  Conj/Tloc      7%         2d4       7%          4
 Summon Lightning Spire   Summ/Air       6%         N/A       9%          4
 Foxfire                  Conj/Fire      4%         2x1d4     11%         1
 Freeze                   Ice            4%         1d3       11%         1
 Kiss of Death            Conj/Necr      4%         2d5       11%         1
 Magic Dart               Conj           4%         1d3       11%         1
 Necrotise                Necr           4%         1d4       11%         1
 Sandblast                Erth           2%         2d4       11%         1
 Slow                     Hex            4%         N/A       11%         1
 Sting                    Conj/Alch      4%         1d3       11%         1
 Summon Small Mammal      Summ           4%         N/A       11%         1
 Call Imp                 Summ           2%         N/A       16%         2
 Ensorcelled Hibernation  Hex/Ice        2%         N/A       16%         2
 Jinxbite                 Hex            2%         N/A       16%         2
 Passwall                 Alch/Erth      0%         N/A       16%         2
 Scorch                   Fire           2%         2d5       16%         2
 Searing Ray              Conj           2%         2d4       16%         2
 Sublimation of Blood     Necr           1%         N/A       16%         2
 Summon Forest            Summ/Tloc      3%         N/A       21%         5
 Arcjolt                  Conj/Air       3%         1d13      24%         5
 Silence                  Hex/Air        3%         N/A       24%         5
 Call Canine Familiar     Summ           1%         N/A       30%         3
 Confusing Touch          Hex            1%         N/A       30%         3
 Dazzling Flash           Conj/Hex       2%         N/A       30%         3
 Frozen Ramparts          Ice            2%         1d1       30%         3
 Fugue of the Fallen      Necr           1%         N/A       30%         3
 Hailstorm                Conj/Ice       1%         3d5       30%         3
 Inner Flame              Hex/Fire       1%         N/A       30%         3
 Ozocubu's Armour         Ice            1%         N/A       30%         3
 Sigil of Binding         Hex            1%         N/A       30%         3
 Stone Arrow              Conj/Erth      2%         3d7       30%         3
 Summon Guardian Golem    Hex/Summ       1%         N/A       30%         3
 Tukima's Dance           Hex            1%         N/A       30%         3
 Vampiric Draining        Necr           1%         2d6       30%         3
 Freezing Cloud           Conj/Ice/Air   2%         6-21      47%         5
 Anguish                  Hex/Necr       0%         N/A       69%         4
 Animate Armour           Summ/Erth      2%         N/A       69%         4
 Animate Dead             Necr           1%         N/A       69%         4
 Brom's Barrelling Bould  Conj/Erth      1%         2d3       69%         4
 Cause Fear               Hex            0%         N/A       69%         4
 Dispel Undead            Necr           1%         3d6       69%         4
 Flame Wave               Conj/Fire      1%         2d4       69%         4
 Fulminant Prism          Conj/Alch      0%         3d5       69%         4
 Ignite Poison            Fire/Alch      1%         N/A       69%         4
 Leda's Liquefaction      Alch/Erth      0%         N/A       69%         4
 Olgreb's Toxic Radiance  Alch           1%         N/A       69%         4
 Petrify                  Alch/Erth      1%         N/A       69%         4
 Sticky Flame             Fire/Alch      1%         2d4       69%         4
 Summon Ice Beast         Ice/Summ       1%         N/A       69%         4
 Conjure Ball Lightning   Conj/Air       3%         3x3d6     77%         6
 Plasma Beam              Fire/Air       3%         2x1d13    77%         6
 Agony                    Necr           1%         N/A       95%         5
 Alistair's Intoxication  Alch           0%         N/A       95%         5
 Borgnjor's Vile Clutch   Necr/Erth      0%         N/A       95%         5
 Fireball                 Conj/Fire      0%         3d3       95%         5
 Irradiate                Conj/Alch      0%         3d11      95%         5
 Iskenderun's Battlesphe  Conj           1%         2d6       95%         5
 Lee's Rapid Deconstruct  Erth           0%         3d4*      95%         5
 Metabolic Englaciation   Hex/Ice        0%         N/A       95%         5
 Summon Mana Viper        Hex/Summ       1%         N/A       95%         5
 Yara's Violent Unravell  Hex/Alch       0%         3d3       95%         5
 Disjunction              Tloc           6%         N/A       95%         8
 Malign Gateway           Summ/Tloc      3%         N/A       99%         7
 Maxwell's Capacitive Co  Air            6%         ∞         99%         8
 Bombard                  Conj/Erth      0%         9d1       100%        6
 Death Channel            Necr           0%         N/A       100%        6
 Eringya's Noxious Bog    Alch           0%         4d6       100%        6
 Simulacrum               Ice/Necr       0%         N/A       100%        6
 Starburst                Conj/Fire      0%         6d3       100%        6
 Summon Cactus Giant      Summ           0%         N/A       100%        6
 Haunt                    Necr/Summ      0%         N/A       100%        7
 Monstrous Menagerie      Summ           0%         N/A       100%        7
 Orb of Destruction       Conj           0%         9d5       100%        7
 Ozocubu's Refrigeration  Ice            0%         4d7       100%        7
 Spellforged Servitor     Conj/Summ      0%         N/A       100%        7
 Summon Hydra             Summ           0%         N/A       100%        7
 Borgnjor's Revivificati  Necr           0%         N/A       100%        8
 Discord                  Hex            0%         N/A       100%        8
 Ignition                 Fire           0%         3d3       100%        8
 Infestation              Necr           0%         N/A       100%        8
 Lehudib's Crystal Spear  Conj/Erth      0%         10d2      100%        8
 Summon Horrible Things   Summ           0%         N/A       100%        8
 Chain Lightning          Conj/Air       3%         3d4       100%        9
 Death's Door             Necr           0%         N/A       100%        9
 Fire Storm               Conj/Fire      0%         6d1       100%        9
 Polar Vortex             Ice            0%         N/A       100%        9
 Shatter                  Erth           0%         3d5*      100%        9


Dungeon Overview and Level Annotations

Branches:
Dungeon (15/15)            Temple (0/1) D:4            Lair (5/5) D:8
  Swamp (4/4) Lair:2        Snake (4/4) Lair:2        Slime (0/5) Lair:4
    Orc (2/2) D:11            Elf (3/3) Orc:2        Vaults (5/5) D:13
  Crypt (1/3) Vaults:3     Depths (4/4) D:15            Zot (5/5) Depths:4
 WizLab (visited)         Gauntlet (visited)

Altars:
Ashenzari
Cheibriados
Fedhas
Kikubaaqudgha
Qazlal
Ru
Sif Muna
Trog
Wu Jian
Xom
Jiyva

Shops:
D:1 :   D:2 (   D:3 :   D:7 (   Orc:2 :[*?   Elf:2 *   Snake:1 *   Snake:2 *((
Snake:3 !   Vaults:1 [   Vaults:5 ([   Depths:1 [==:

Portals:
Hell: Depths:1 Depths:2 Depths:3 Depths:4
Abyss: Depths:3
Pandemonium: Orc:2 Depths:2 Depths:3
Ziggurat: Depths:4
Trove: D:10 (give 4 potions of resistance)

Annotations:
Orc:2 exclusion: upstairs
Elf:2 3 runed translucent doors, exclusion: 3 doors
Vaults:2 2 transporters, exclusion: orange crystal statue, Diax's ghost, adept DrFE; Jachav's ghost, veteran DECj
Vaults:5 !vaults warning
Depths:1 2 transporters
Depths:2 2 transporters
Depths:3 2 transporters


Innate Abilities, Weirdness & Mutations

You are a fearsome dragon!
You have a powerful clawing attack.
Your giant scaled body is strong and resilient, but less evasive.
You can breathe fire.
You are flying.
Your maximum health is greatly increased.
Your armour is entirely melded.
You are incapable of wielding weapons or throwing items.
You are too large for most types of armour.
((You have claws for hands.))
Your natural rate of healing is unusually fast.
((You are covered in fur. (AC +1)))
((You have tough skin. (AC +1)))
You are clumsy. (Dex -2)
((Armour fits poorly on your strangely shaped body.))
You have an increased reservoir of magic. (+10% MP)
((You are vulnerable to cold. (rC-)))
Your spells are a little easier to cast, but a little less powerful.


Message History

You can no longer forget spells at will.
Space momentarily warps into an impossible shape!
You bite the Orb Guardian!!
Space momentarily warps into an impossible shape!
You maul the Orb Guardian!!!!
You kill the Orb Guardian!
Sif Muna accepts your kill.
Okay, then.
Really put on
c - the amulet of the Princeling {Faith rElec SInv Stlth+}?
You start putting on your amulet.
You continue putting on the amulet of the Princeling {Faith rElec SInv Stlth+}. x5
You finish putting on the amulet of the Princeling {Faith rElec SInv Stlth+}.
You feel a surge of divine interest.
c - the amulet of the Princeling (around neck) {Faith rElec SInv Stlth+} Really remove
c - the amulet of the Princeling {Faith rElec SInv Stlth+}?
You start removing your amulet.
You continue taking off the amulet of the Princeling {Faith rElec SInv Stlth+}. x4
You finish taking off the amulet of the Princeling {Faith rElec SInv Stlth+}.
Sif Muna seems less interested in you.
You feel less pious.
Really put on
c - the amulet of the Princeling {Faith rElec SInv Stlth+}?
You start putting on your amulet.
You continue putting on the amulet of the Princeling {Faith rElec SInv Stlth+}. x5
You finish putting on the amulet of the Princeling {Faith rElec SInv Stlth+}.
You feel a surge of divine interest.
c - the amulet of the Princeling (around neck) {Faith rElec SInv Stlth+} Really remove
c - the amulet of the Princeling {Faith rElec SInv Stlth+}?
You start removing your amulet.
You continue taking off the amulet of the Princeling {Faith rElec SInv Stlth+}. x4
You finish taking off the amulet of the Princeling {Faith rElec SInv Stlth+}.
Sif Muna seems less interested in you.
You feel less pious.
You can no longer call upon Sif Muna for magical energy.
You can't wear anything in your present form.
Unknown command.
Really put on
c - the amulet of the Princeling {Faith rElec SInv Stlth+}?
You start putting on your amulet.
You continue putting on the amulet of the Princeling {Faith rElec SInv Stlth+}. x5
You finish putting on the amulet of the Princeling {Faith rElec SInv Stlth+}.
You feel a surge of divine interest.
c - the amulet of the Princeling (around neck) {Faith rElec SInv Stlth+} You have escaped!

.......########.........#.#
...........# #..........#.#
...........# #..........#.#
...........# #..........#.#
#.##.#÷#######.########.#.#
#....#.........# #.#.#
################### #.#.#
#########.........# #.#.#
................D.#####.#.#
.#########........#^.>#...#
..# ##........#####.### ..#
##...#.....##.###########
..#
##...###....##...........#
..# ##...##
##.####.#########.##
..####...## #.#
#.#........... ....#...##
#.####.#.#######.##
..#....##
#...##.#.#######.#.


There were no monsters in sight!

Vanquished Creatures
  5 dread liches
  11 orbs of fire
  3 ancient liches (Zot:5)
  Mara (Vaults:4)
  3 juggernauts
  The ghost of wqsa789 the Conqueror, a veteran OnGl of Gozag (Depths:4)
  Sojobo (Vaults:5)
  Bai Suzhen (Vaults:5)
  3 Killer Klowns (Zot:5)
  2 antique champions (WizLab)
  3 curse toes
  The ghost of Jyoxex the Sensei, a veteran OpBe of Wu Jian (Depths:3)
  9 golden dragons
  A caustic shrike (Depths:1)
  The ghost of wqsa789 the Prince of Secrets, a veteran GnIE of Ashenzari (Depths:2)
  Norris (Vaults:1)
  A bone dragon (Depths:3)
  9 electric golems
  2 Ice Fiends
  14 tentacled monstrosities
  4 liches
  A walking earthen tome (Depths:3)
  29 Orb Guardians
  6 deep elf blademasters
  5 titans
  4 sphinxes
  2 deep elf master archers (Elf:3)
  3 Executioners
  8 quicksilver dragons
  A thorn hunter (Swamp:4)
  9 death cobs
  An ancient champion (WizLab)
  16 storm dragons
  11 shadow dragons
  Aizul (Snake:4)
  9 tengu reavers
  3 nagarajas
  8 protean progenitors
  7 draconian knights
  2 fenstrider witches
  7 deep elf sorcerers
  5 draconian shifters
  5 fire giants
  8 frost giants
  2 revenants (Crypt:1)
  9 draconian monks
  6 iron dragons
  A spectral caustic shrike (Depths:2)
  Louise (D:14)
  5 deep elf elementalists
  4 ghost moths
  22 ironbound preservers
  6 draconian scorchers
  6 draconian stormcallers
  17 vault wardens
  A demonspawn corrupter (D:10)
  A juggernaut zombie (Depths:2)
  A cacodemon (D:10)
  3 orc warlords
  A demonspawn blood saint (Zot:5)
  21 stone giants
  5 ghouls
  8 vampire knights
  3 war gargoyles
  9 draconian annihilators
  12 green draconians
  5 ironbound thunderhulks
  14 black draconians
  6 deep elf demonologists
  8 very ugly things
  7 deep elf annihilators
  6 eleionomae
  A minotaur (Gauntlet)
  13 deep elf death magi
  6 bunyips
  14 yellow draconians
  7 white draconians
  11 purple draconians
  13 red draconians
  3 eidola
  13 ettins
  A spark wasp (Depths:2)
  8 dire elephants
  A merfolk javelineer (Depths:4)
  2 green deaths
  A blizzard demon (Zot:5)
  4 merfolk impalers (Depths:4)
  9 yaktaur captains
  A shambling mangrove (Swamp:3)
  2 crystal guardians (Vaults:3)
  A spectral spriggan (Depths:2)
  3 entropy weavers
  14 jiangshi
  2 rakshasas
  Harold (Lair:2)
  8 great orbs of eyes
  8 fire dragons
  A quicksilver dragon skeleton (Depths:2)
  7 deep elf high priests
  8 ice dragons
  27 hydras
  6 salamander tyrants (Snake:4)
  3 peacekeepers
  35 vault guards
  2 demonspawn
  A ghost crab (Swamp:2)
  10 ironbound frosthearts
  A hell beast (Depths:3)
  2 radroaches (Zot:2)
  2 catoblepae
  An ogre mage (Vaults:5)
  6 spriggan air magi
  17 alligators
  A juggernaut simulacrum (WizLab)
  2 spectral fire giants (Depths:2)
  6 two-headed ogres
  14 anacondas
  2 spectral frost giants (Depths:2)
  18 centaur warriors
  A boulder beetle (D:13)
  5 deep troll earth magi
  4 deep troll shamans
  A bennu skeleton (Crypt:1)
  16 naga warriors
  2 sphinx skeletons
  11 vampire magi
  6 death yaks (Lair:5)
  2 occultists (Depths:1)
  15 dancing weapons
  19 tengu warriors
  4 orc high priests
  4 hell hogs
  12 naga sharpshooters
  23 spriggans
  A titan zombie (Depths:2)
  3 shock serpents
  7 spriggan berserkers
  11 hell knights
  A storm dragon zombie (Depths:2)
  Sonja (Lair:2)
  A spectral storm dragon (Depths:2)
  A thrashing horror (Gauntlet)
  5 skysharks
  15 deep elf knights
  2 sun demons (Depths:3)
  3 soul eaters
  6 salamander mystics
  14 skeletal warriors
  2 sea snakes (shapeshifter)
  A fire crab (Lair:1)
  6 iron trolls
  A storm dragon skeleton (WizLab)
  59 deep trolls
  2 sixfirhies
  A goliath frog (Swamp:1)
  A spectral spark wasp (Depths:2)
  A golden dragon zombie (Depths:2)
  8 swamp dragons
  A quicksilver dragon simulacrum (Depths:3)
  7 glowing orange brains
  2 death drakes (Zot:5)
  11 deep elf archers
  A deep troll (shapeshifter) (Vaults:5)
  An obsidian statue (Zot:5)
  3 flayed ghosts
  3 golden dragon skeletons (Depths:2)
  5 spriggan druids
  10 harpies
  17 ironbound convokers
  An orange crystal statue (Depths:3)
  2 arcanists
  13 lindwurms
  8 bog bodies
  A steelbarb worm (shapeshifter) (Vaults:4)
  6 naga ritualists
  A shadow dragon zombie (Depths:2)
  8 phantasmal warriors
  13 orc knights
  25 deep elf zephyrmancers
  11 necromancers
  33 deep elf pyromancers
  10 orc sorcerers
  A shining eye (shapeshifter) (Depths:3)
  16 mana vipers
  2 wolf spiders
  2 will-o-the-wisps
  7 manticores
  9 cyclopes
  24 ugly things
  A faun (shapeshifter) (Vaults:5)
  17 salamanders
  36 moths of wrath
  2 frost giant skeletons
  A human skeleton (Vaults:4)
  11 guardian serpents (Snake:4)
  A water nymph (shapeshifter) (Depths:3)
  3 kobold blastminers (Orc:2)
  8 naga magi
  42 black mambas
  A stone giant skeleton (Vaults:4)
  20 vault sentinels
  3 orange demons
  A smoke demon (Orc:1)
  A torpor snail (Lair:3)
  11 cane toads
  A cane toad (shapeshifter) (Elf:2)
  A purple draconian zombie (Crypt:1)
  4 rime drakes
  3 unseen horrors
  12 komodo dragons
  3 tormentors (Depths:2)
  A yaktaur skeleton (Vaults:4)
  2 hellions
  5 tengu conjurers
  A golden dragon simulacrum (WizLab)
  37 yaktaurs
  A red devil (Orc:2)
  4 freezing wraiths (Vaults:5)
  2 spectral glowing shapeshifters (Depths:2)
  4 trolls
  A troll (shapeshifter) (Elf:1)
  5 polar bears
  17 hornets
  2 bloated husks
  A queen bee (Orc:1)
  A human zombie (Vaults:4)
  A tarantella (Vaults:1)
  A shadow dragon simulacrum (Depths:2)
  3 glass eyes
  A blink frog (shapeshifter) (D:14)
  9 tyrant leeches
  A wolf spider simulacrum (D:15)
  A wind drake (shapeshifter) (Vaults:5)
  A tengu simulacrum (Vaults:2)
  11 dream sheep
  3 blink frogs (Lair:1)
  A radroach zombie (Crypt:1)
  21 slime creatures
  An ettin zombie (Vaults:2)
  A fire giant simulacrum (Depths:2)
  2 raiju (shapeshifter)
  5 air elementals
  An iron dragon simulacrum (Depths:2)
  2 ynoxinuls
  4 wraiths
  Sigmund (D:3)
  A jumping spider (shapeshifter) (Vaults:5)
  A centaur simulacrum (D:14)
  A stone giant simulacrum (Depths:2)
  A water elemental (Depths:1)
  A spriggan (shapeshifter) (D:14)
  2 ettin skeletons
  5 flying skulls (Crypt:1)
  4 vampires
  A shadow (D:11)
  6 basilisks
  Grum (D:11)
  Eustachio (D:6)
  3 wyverns
  10 wargs
  24 yaks
  A yaktaur simulacrum (Vaults:4)
  5 fire elementals
  2 redbacks
  A steam dragon (D:7)
  A redback (shapeshifter) (D:14)
  16 vampire mosquitoes
  A fire bat zombie (Crypt:1)
  4 small abominations (Gauntlet)
  A glowing shapeshifter zombie (Vaults:2)
  12 swamp worms
  2 two-headed ogre zombies (WizLab)
  39 nagas
  A glowing shapeshifter skeleton (Vaults:4)
  2 acid dragons
  19 water moccasins
  39 orc warriors
  An ogre skeleton (Vaults:4)
  10 swamp drakes
  6 black bears
  2 ice beasts
  3 sky beasts
  A swamp dragon zombie (WizLab)
  11 ogres
  4 boggarts (Lair:5)
  32 wolves
  11 centaurs
  A phantom (D:7)
  8 bullfrogs
  An elf zombie (Crypt:1)
  2 scorpions (D:5)
  A cyclops zombie (WizLab)
  12 earth elementals
  2 jellies
  28 killer bees
  10 electric eels
  8 howler monkeys
  4 crimson imps (D:12)
  3 hounds
  29 orc priests
  A gnoll bouda (D:5)
  2 iron imps (Gauntlet)
  A sleepcap (D:8)
  6 iguanas
  24 orc wizards
  A killer bee zombie (Crypt:1)
  A naga zombie (Crypt:1)
  Robin (D:2)
  10 adders
  8 gnolls
  2 white imps (D:6)
  A bombardier beetle (D:3)
  2 worms
  2 dart slugs
  101 orcs
  10 ball pythons
  5 endoplasms
  3 giant cockroaches
  16 goblins
  5 hobgoblins
  2 quokkas
  7 bats
  An endoplasm zombie (Crypt:1)
  4 frilled lizards
  13 kobolds
  5 rats
  6 aspiring fleshes
  A ball lightning (Depths:2)
2246 creatures vanquished.

Vanquished Creatures (collateral kills)
  the Lernaean hydra (Swamp:4)
  2 hydras (Swamp:4)
  A swamp dragon (Swamp:4)
4 creatures vanquished.

Vanquished Creatures (others)
  A black draconian (Zot:3)
  A mana viper (Snake:4)
  2 bloated husks
  A swamp worm (Swamp:4)
  2 ball lightnings (Depths:2)
  14 foxfires
21 creatures vanquished.

Grand Total: 2271 creatures vanquished

Notes
Turn   | Place    | Note
-------+----------+-------------------------------------------
     0 | D:1      | Wizard1ke the Troll Shapeshifter began the quest for the
                  | Orb.
     0 | D:1      | Reached XP level 1. HP: 18/18 MP: 0/0
   186 | D:1      | Reached skill level 1 in Fighting
   368 | D:1      | Reached XP level 2. HP: 27/27 MP: 1/1
   896 | D:1      | Found Qiyca's Book Boutique.
  1169 | D:2      | Found Haaqul Ruli's Antique Weapon Shoppe.
  1176 | D:2      | Reached XP level 3. HP: 35/35 MP: 2/2
  1439 | D:2      | Reached XP level 4. HP: 42/42 MP: 3/3
  1817 | D:3      | Noticed Sigmund
  1894 | D:3      | Reached XP level 5. HP: 52/52 MP: 4/4
  2101 | D:3      | Identified the +5 scale mail of Pupe {rElec Int+2}
  2116 | D:3      | Found Miyme's Vocational Training.
  2200 | D:3      | Killed Sigmund
  2201 | D:3      | Reached skill level 5 in Unarmed Combat
  2201 | D:3      | Reached XP level 6. HP: 62/62 MP: 5/5
  2271 | D:3      | Found a faded altar of an unknown god.
  2334 | D:3      | Noticed Robin
  2402 | D:2      | Killed Robin
  2663 | D:4      | Found an ornate altar of the Wu Jian Council.
  2664 | D:4      | Found a stormy altar of Qazlal.
  2665 | D:4      | Found a shimmering blue altar of Sif Muna.
  2740 | D:4      | Became a worshipper of Sif Muna the Loreminder
  2794 | D:4      | Found a staircase to the Ecumenical Temple.
  2988 | D:4      | Found a blossoming altar of Fedhas.
  3049 | D:4      | Reached XP level 7. HP: 71/71 MP: 6/6
  3211 | D:5      | Entered Level 5 of the Dungeon
  3320 | D:5      | Reached * piety under Sif Muna
  3553 | D:5      | Reached skill level 5 in Fighting
  3794 | D:5      | You fall into a shaft and drop 3 floors!
  3811 | D:7      | Noticed a hornet
  3838 | D:7      | Noticed a vampire
  3851 | D:7      | Noticed a steam dragon
  4007 | D:7      | Noticed a two-headed ogre
  4088 | D:7      | Killed a two-headed ogre
  4089 | D:7      | Reached skill level 5 in Shapeshifting
  4089 | D:7      | Reached XP level 8. HP: 80/80 MP: 7/7
  4093 | D:7      | Paralysed by a hornet for 1 turns
  4098 | D:7      | Paralysed by a hornet for 3 turns
  4104 | D:7      | Killed a hornet
  4169 | D:7      | Found Ecaetyer's Weapon Shoppe.
  4264 | D:6      | Reached XP level 9. HP: 88/88 MP: 8/8
  4594 | D:6      | Reached ** piety under Sif Muna
  4837 | D:6      | Noticed Eustachio
  4846 | D:6      | Killed Eustachio
  6121 | D:8      | Reached skill level 10 in Unarmed Combat
  6121 | D:8      | Reached XP level 10. HP: 92/102 MP: 9/9
  6124 | D:8      | Reached *** piety under Sif Muna
  6440 | D:8      | Found a staircase to the Lair.
  6789 | D:9      | Found a broken altar of Ashenzari.
  6874 | D:9      | Noticed a two-headed ogre
  6898 | D:9      | Killed a two-headed ogre
  7456 | D:9      | Reached **** piety under Sif Muna
  7528 | D:9      | Noticed a two-headed ogre
  7570 | D:9      | Killed a two-headed ogre
  8081 | D:10     | Entered Level 10 of the Dungeon
  8836 | D:10     | Found a portal to a secret trove of treasure.
  9168 | D:11     | Reached XP level 11. HP: 114/115 MP: 10/10
  9480 | D:11     | Noticed Grum
  9708 | D:11     | Found a staircase to the Orcish Mines.
 10112 | Lair:1   | Entered Level 1 of the Lair of Beasts
 10313 | Lair:1   | Reached skill level 10 in Fighting
 10747 | Lair:1   | Noticed a catoblepas
 10763 | Lair:1   | Killed a catoblepas
 10941 | Lair:1   | Noticed a fire crab
 10948 | Lair:1   | Killed a fire crab
 11077 | Lair:2   | Found a staircase to the Swamp.
 11155 | Lair:2   | Noticed a skyshark
 11164 | Lair:2   | Killed a skyshark
 11165 | Lair:2   | Reached XP level 12. HP: 120/126 MP: 11/11
 11212 | Lair:2   | Noticed Harold
 11215 | Lair:2   | Killed Harold
 11515 | Lair:2   | Reached skill level 15 in Unarmed Combat
 11576 | Lair:2   | Noticed Sonja
 11584 | Lair:2   | Killed Sonja
 11964 | Lair:2   | Found a staircase to the Snake Pit.
 12296 | Lair:3   | Reached skill level 10 in Shapeshifting
 12485 | Lair:3   | Identified 2 scrolls of acquirement
 12486 | Lair:3   | Acquired the ring "Jeoh Sam" {^Contam rF+ Will+ Str+4
                  | Dex+6}
 12582 | Lair:3   | Noticed a four-headed hydra
 12844 | Lair:3   | Killed a six-headed hydra
 13096 | Lair:4   | Noticed an eight-headed hydra
 13331 | D:12     | Identified the +1 ring mail of Death's Door {Rampage
                  | Regen+}
 13490 | D:12     | Noticed a tengu warrior
 13493 | D:12     | Reached XP level 13. HP: 92/133 MP: 12/12
 13547 | D:12     | Identified the +3 chain mail of the Robin {*Corrode +Blink
                  | rPois Dex-4}
 13680 | D:12     | Found a shimmering altar of Xom.
 13707 | D:12     | Reached ***** piety under Sif Muna
 13797 | D:12     | Identified the +1 buckler of Fymang {Dex+3}
 13864 | Orc:1    | Entered Level 1 of the Orcish Mines
 13944 | D:11     | Received a gift from Sif Muna
 13947 | D:11     | Got Qefrig's Quarto of Doom {god gift}
 14168 | Orc:2    | Entered Level 2 of the Orcish Mines
 14408 | Orc:2    | Found Atelimin's Magic Scroll Emporium.
 14409 | Orc:2    | Found Fif Jive's General Store.
 15202 | Orc:2    | Received a gift from Sif Muna
 15278 | Orc:2    | Got Sif Muna's Compendium of Cold and Blasts {god gift}
 15286 | Orc:2    | Found a staircase to the Elven Halls.
 15863 | Orc:2    | Found Zuskatz's Antique Armour Boutique.
 15863 | Orc:2    | Found a one-way gate leading to the halls of Pandemonium.
 15863 | Orc:2    | Found Xyetwes's Book Shop.
 15987 | Orc:2    | Bought a phantom mirror for 600 gold pieces
 15989 | Orc:2    | Bought a scroll of teleportation for 51 gold pieces
 15989 | Orc:2    | Bought a scroll of blinking for 127 gold pieces
 15989 | Orc:2    | Bought a scroll of fear for 68 gold pieces
 16011 | Orc:1    | Noticed an orc warlord
 16340 | D:11     | Killed an orc warlord
 16397 | Orc:1    | Reached XP level 14. HP: 138/146 MP: 13/13
 18115 | Lair:4   | Found a viscous altar of Jiyva.
 18115 | Lair:4   | Found a staircase to the Slime Pits.
 18471 | Lair:4   | Received a gift from Sif Muna
 18474 | Lair:4   | Got Sif Muna's Papyrus of the Inferno {god gift}
 18743 | Lair:5   | Entered Level 5 of the Lair of Beasts
 19223 | Lair:5   | Reached skill level 1 in Evocations
 19229 | Lair:5   | Learned a level 2 spell: Blink
 19367 | Lair:5   | Reached skill level 1 in Translocations
 19712 | Lair:5   | Reached XP level 15. HP: 159/159 MP: 14/14
 20582 | D:13     | Received a gift from Sif Muna
 20587 | D:13     | Got Fegheerph's Parchment of Overcast Compounds {god gift}
 20612 | D:13     | Found a snail-covered altar of Cheibriados.
 20872 | D:13     | Found a gate to the Vaults.
 21157 | D:14     | Found a gate leading to a gauntlet.
 21166 | Gauntlet | Entered a Gauntlet
 21166 | Gauntlet | Found a transporter.
 21174 | Gauntlet | Found a transporter.
 21175 | Gauntlet | Found a transporter.
 21189 | Gauntlet | Found a transporter.
 21191 | Gauntlet | Found a transporter.
 21200 | Gauntlet | Found a transporter.
 21216 | Gauntlet | Found a transporter.
 21226 | Gauntlet | Found a transporter.
 21235 | Gauntlet | Found a runed translucent gate.
 21236 | Gauntlet | Found a transporter.
 21236 | Gauntlet | Found a runed translucent gate.
 21237 | Gauntlet | Found a runed translucent gate.
 21250 | Gauntlet | Found a transporter.
 21260 | Gauntlet | Found a transporter.
 21262 | Gauntlet | Found a transporter.
 21336 | Gauntlet | Found a transporter.
 21349 | Gauntlet | Identified the amulet of the Princeling {Faith rElec SInv
                  | Stlth+}
 21379 | Gauntlet | Identified the amulet "Uzylui" {RegenMP rN++ Dex+2}
 21444 | Gauntlet | Identified the +1 leather armour of the Volcano {rCorr
                  | Str+3 Slay+3}
 21444 | Gauntlet | Identified the amulet "Ocohekhla" {Fly Regen+}
 21444 | Gauntlet | Identified the +10 hand axe of the Hidden Vale {flame, rC-
                  | Int+2 SInv}
 21557 | D:14     | Noticed Louise
 21573 | D:14     | Killed Louise
 22294 | D:15     | Entered Level 15 of the Dungeon
 22483 | D:15     | Received a gift from Sif Muna
 22630 | D:15     | Identified the dragon-blood talisman of Leci {Str+2 Dex+3
                  | SInv}
 22808 | D:15     | Found a staircase to the Depths.
 22826 | D:15     | Learned a level 4 spell: Vhi's Electric Charge
 22859 | D:15     | Found an ornate altar of the Wu Jian Council.
 23350 | Snake:1  | Entered Level 1 of the Snake Pit
 23726 | Snake:1  | Reached skill level 5 in Evocations
 23981 | Snake:1  | Found Ybieguot's Assorted Antiques.
 24207 | Snake:2  | Received a gift from Sif Muna
 24352 | Snake:2  | Found Sexzot's Antique Weapon Shoppe.
 24352 | Snake:2  | Found Ynuraar's Weapon Emporium.
 24365 | Snake:2  | Noticed a nagaraja
 24368 | Snake:2  | Killed a nagaraja
 24368 | Snake:2  | Identified the +5 shortbow "Akerum" {flame, Will+}
 24399 | Snake:2  | Reached XP level 16. HP: 170/170 MP: 15/15
 24876 | Snake:2  | Found Amaroolo's Assorted Antiques.
 24880 | Snake:2  | Bought a scroll of fear for 116 gold pieces
 25233 | Snake:3  | Found Zuigh's Distillery.
 25237 | Snake:3  | Bought a potion of heal wounds for 90 gold pieces
 25237 | Snake:3  | Bought a potion of heal wounds for 90 gold pieces
 25609 | Snake:4  | Entered Level 4 of the Snake Pit
 25723 | Snake:4  | Reached ****** piety under Sif Muna
 25991 | Snake:4  | Reached skill level 15 in Shapeshifting
 26006 | Snake:4  | Received a gift from Sif Muna
 27131 | Snake:4  | Got a serpentine rune of Zot
 27351 | Snake:4  | Reached XP level 17. HP: 178/178 MP: 16/16
 27353 | Snake:4  | Received a gift from Sif Muna
 27357 | Snake:4  | Got Sif Muna's Volume of Conflagrant Convocation {god gift}
 27643 | Snake:4  | Identified the +1 leather armour "Diofruke" {rPois Will-
                  | rCorr}
 27763 | Snake:4  | Identified the serpent talisman of Beogh, Blushing {rF+
                  | rC++ rN+}
 27763 | Snake:4  | Noticed Aizul
 27921 | Snake:4  | Killed Aizul
 28511 | Swamp:1  | Entered Level 1 of the Swamp
 28649 | Swamp:1  | Reached skill level 5 in Translocations
 29270 | Swamp:2  | Received a gift from Sif Muna
 29273 | Swamp:2  | Got Sif Muna's Cyclopedia of the Toadstool {god gift}
 30281 | Swamp:3  | Received a gift from Sif Muna
 30284 | Swamp:3  | Got Sif Muna's Notes on Intoxication {god gift}
 30538 | Swamp:3  | Reached skill level 1 in Air Magic
 30756 | Swamp:4  | Entered Level 4 of the Swamp
 31246 | Swamp:4  | Reached XP level 18. HP: 187/187 MP: 17/17
 31679 | Swamp:4  | Noticed the 27-headed Lernaean hydra
 31714 | Swamp:4  | Killed the 27-headed Lernaean hydra
 31722 | Swamp:4  | Received a gift from Sif Muna
 31744 | Swamp:4  | Learned a level 1 spell: Apportation
 31749 | Swamp:4  | Learned a level 4 spell: Passage of Golubria
 31753 | Swamp:4  | Learned a level 3 spell: Swiftness
 31783 | Swamp:4  | Got a decaying rune of Zot
 32231 | Vaults:1 | Entered Level 1 of the Vaults
 32436 | Vaults:1 | Reached skill level 5 in Air Magic
 32535 | Vaults:1 | Reached skill level 10 in Translocations
 32618 | Vaults:1 | Noticed Norris
 32699 | Vaults:1 | Killed Norris
 32907 | Vaults:1 | Found Qefoyxt's Armour Shop.
 32907 | Vaults:1 | Received a gift from Sif Muna
 32912 | Vaults:1 | Learned a level 2 spell: Lesser Beckoning
 33388 | Vaults:1 | Noticed a lich
 34042 | Vaults:1 | Reached XP level 19. HP: 195/195 MP: 18/18
 34549 | Vaults:2 | Received a gift from Sif Muna
 34554 | Vaults:2 | Got Sif Muna's Grimoire of the Spectral Blink Frog {god
                  | gift}
 34857 | Vaults:2 | Reached skill level 1 in Spellcasting
 34862 | Vaults:2 | Learned a level 4 spell: Manifold Assault
 35393 | Vaults:2 | Found a transporter.
 35397 | Vaults:2 | Noticed Diax's ghost (adept DrFE)
 35399 | Vaults:2 | Noticed Jachav's ghost (veteran DECj)
 35402 | Vaults:2 | Noticed a golden dragon
 35412 | Vaults:2 | Identified the amulet of Winuvves {Reflect rC+ Will+ MP+9
                  | SH+5}
 35426 | Vaults:2 | Found a transporter.
 36745 | Vaults:3 | Found a staircase to the Crypt.
 36820 | Vaults:3 | Received a gift from Sif Muna
 36827 | Vaults:3 | Got Ciyvvage's Secrets of Location {god gift}
 38547 | Vaults:4 | Received a gift from Sif Muna
 38663 | Vaults:4 | Noticed Mara
 38665 | Vaults:4 | Killed Mara
 39005 | Vaults:4 | Reached XP level 20. HP: 204/204 MP: 26/26
 39088 | Vaults:4 | Reached skill level 5 in Spellcasting
 39088 | Vaults:4 | Reached skill level 10 in Air Magic
 40058 | Vaults:4 | Received a gift from Sif Muna
 40297 | Vaults:4 | Got Sif Muna's Volume of the Ironbound Lungs {god gift}
 40727 | Elf:1    | Entered Level 1 of the Elven Halls
 41396 | Elf:1    | Received a gift from Sif Muna
 41460 | Elf:1    | Got Sif Muna's Compendium of Destruction {god gift}
 42049 | Elf:1    | Reached skill level 1 in Invocations
 42334 | Elf:1    | Paralysed by an air elemental for 1 turns
 43331 | Elf:2    | Found a runed translucent gate.
 43332 | Elf:2    | Found a runed translucent gate.
 43333 | Elf:2    | Found a runed translucent gate.
 43341 | Elf:2    | Found a shimmering blue altar of Sif Muna.
 43498 | Elf:2    | Found Plog's General Store.
 44268 | Elf:2    | Received a gift from Sif Muna
 44292 | Elf:2    | Learned a level 6 spell: Dispersal
 44911 | Elf:3    | Entered Level 3 of the Elven Halls
 45128 | Elf:3    | Reached XP level 21. HP: 211/211 MP: 5/27
 45802 | Elf:3    | Identified the amulet "Peischeux" {Acrobat *Slow rC++
                  | Will+}
 46723 | Elf:3    | Reached skill level 5 in Invocations
 46984 | Elf:3    | Identified the amulet of Ykku {RegenMP rPois}
 46985 | Elf:3    | Identified the ring "Oveju" {MP+9 Str+3}
 46996 | Elf:3    | Identified the +5 rapier of Dycen {freeze, MP+9 Str+3}
 47003 | Elf:3    | Identified the ring of Xoymyhi {Wiz Str+2}
 47143 | Elf:3    | Identified the +1 chain mail of Impressiveness {rElec rN+
                  | Dex+3}
 47147 | Elf:3    | Received a gift from Sif Muna
 47153 | Elf:3    | Got Sif Muna's Handbook of the Fey Compass {god gift}
 47989 | Elf:3    | Identified the +3 falchion of a volcano {spect, rElec rF+
                  | Int+4}
 48384 | Depths:1 | Entered Level 1 of the Depths
 48802 | Depths:1 | Found a gateway to Hell.
 48882 | Depths:1 | Identified the maw talisman of Cacouff {Int+2 SInv}
 49126 | Depths:1 | Found Zuefuxt's Jewellery Boutique.
 49128 | Depths:1 | Found Enypnues's Book Shoppe.
 49131 | Depths:1 | Found Fuxzuy's Jewellery Boutique.
 49145 | Depths:1 | Bought the ring "Kipakes" {Wiz rC+} for 704 gold pieces
 49291 | Depths:1 | Found Pulob's Armour Shop.
 49309 | Depths:1 | Found a transporter.
 49434 | Depths:1 | Found a transporter.
 49777 | Depths:2 | Noticed a caustic shrike
 49792 | Depths:2 | Found a transporter.
 49793 | Depths:2 | Noticed wqsa789's ghost (veteran GnIE)
 49849 | Depths:2 | Found a transporter.
 49889 | Depths:2 | Received a gift from Sif Muna
 49890 | Depths:2 | Got Sif Muna's Guidebook on Beguiling and the Flock {god
                  | gift}
 50357 | Depths:2 | Reached skill level 10 in Invocations
 51236 | Depths:2 | Found an ancient bone altar of Kikubaaqudgha.
 51381 | Depths:2 | Reached XP level 22. HP: 222/222 MP: 0/28
 51797 | Depths:2 | Identified the staff "Huapew" {^Drain +Blink rF+ Dex+2 SInv
                  | Fire}
 51896 | Depths:2 | HP: 9/307 [deep elf death mage/bolt of negative energy
                  | (36)]
 52615 | Depths:2 | Received a gift from Sif Muna
 52616 | Depths:2 | Got Sif Muna's Precepts of the Shot {god gift}
 52635 | Depths:1 | Killed a caustic shrike
 52713 | Depths:2 | Killed wqsa789's ghost
 53095 | Depths:3 | Noticed a juggernaut
 53098 | Depths:3 | Noticed a juggernaut
 53103 | Depths:3 | Noticed Jyoxex's ghost (veteran OpBe)
 53104 | Depths:3 | Found a transporter.
 53116 | Depths:3 | Found a bloodstained altar of Trog.
 53125 | Depths:3 | Found a transporter.
 53722 | Depths:3 | Received a gift from Sif Muna
 53796 | Depths:3 | Found a one-way gate to the infinite horrors of the Abyss.
 54293 | Depths:3 | Found a runed translucent door.
 54299 | Depths:3 | Found a runed translucent door.
 54319 | Depths:3 | Reached skill level 15 in Fighting
 55611 | Depths:3 | Received a gift from Sif Muna
 55634 | Depths:2 | Killed a juggernaut
 55753 | Depths:3 | Killed Jyoxex's ghost
 55889 | Depths:3 | Killed a juggernaut
 55979 | Depths:3 | Got Sif Muna's Spellbook of the Nimbus and the Undead {god
                  | gift}
 56065 | Depths:3 | Identified the ring "Jehotuec" {rElec Str+6 Dex+2 Stlth+}
 56067 | Depths:3 | Identified the amulet "Xemusk" {Will++ Regen+}
 56104 | Depths:4 | Entered Level 4 of the Depths
 56104 | Depths:4 | Found a large runed translucent door.
 56104 | Depths:4 | Found a large runed translucent door.
 56201 | Depths:4 | Found a sacrificial altar of Ru.
 56650 | Depths:4 | Noticed wqsa789's ghost (veteran OnGl)
 56869 | Depths:4 | Found a one-way gateway to a ziggurat.
 56875 | Depths:4 | Reached XP level 23. HP: 237/237 MP: 18/29
 56944 | Depths:4 | Noticed a juggernaut
 56947 | Depths:4 | Killed a juggernaut
 57238 | Depths:4 | Found a gate to the Realm of Zot.
 57917 | Depths:4 | Found a sacrificial altar of Ru.
 58159 | Depths:4 | Killed wqsa789's ghost
 58172 | Depths:4 | Identified the ring "Daologh" {Wiz rC++ Dex+2}
 58571 | Vaults:5 | Entered Level 5 of the Vaults
 58571 | Vaults:5 | Noticed Bai Suzhen
 58576 | Vaults:5 | Noticed a dread lich
 58607 | Vaults:5 | Killed Bai Suzhen
 58679 | Vaults:5 | Noticed a dread lich
 58683 | Vaults:5 | Killed a dread lich
 58687 | Vaults:5 | Noticed a dread lich
 58695 | Vaults:5 | Killed a dread lich
 58832 | Vaults:5 | Noticed a dread lich
 58836 | Vaults:5 | Killed a dread lich
 59513 | Vaults:5 | Found Seprin's Weapon Shoppe.
 59609 | Vaults:5 | Killed a dread lich
 60091 | Vaults:5 | Reached XP level 24. HP: 256/256 MP: 17/29
 60241 | Vaults:5 | Found Kuich's Antique Armour Shop.
 60326 | Vaults:5 | Noticed Sojobo
 60434 | Vaults:5 | Killed Sojobo
 61654 | Vaults:5 | Got a silver rune of Zot
 61741 | Vaults:5 | Received a gift from Sif Muna
 62613 | Zot:1    | Entered Level 1 of the Realm of Zot
 62757 | Zot:1    | Noticed an orb of fire
 62879 | Depths:4 | Killed an orb of fire
 66747 | Zot:3    | Noticed an orb of fire
 66847 | Zot:3    | Reached XP level 25. HP: 273/273 MP: 24/31
 66852 | Zot:3    | Noticed an orb of fire
 66860 | Zot:3    | Killed an orb of fire
 67034 | Zot:3    | Killed an orb of fire
 67320 | Zot:3    | Noticed an orb of fire
 67324 | Zot:3    | Killed an orb of fire
 67700 | Zot:3    | Reached skill level 15 in Invocations
 69690 | Zot:4    | Noticed an orb of fire
 69695 | Zot:4    | Killed an orb of fire
 69770 | Zot:4    | Received a gift from Sif Muna
 70426 | Zot:5    | Entered Level 5 of the Realm of Zot
 72018 | Zot:5    | Noticed an ancient lich
 72019 | Zot:5    | Killed an ancient lich
 72282 | Zot:5    | Noticed a Killer Klown
 72287 | Zot:5    | Noticed a Killer Klown
 72294 | Zot:5    | Noticed an orb of fire
 72298 | Zot:5    | Killed a Killer Klown
 72303 | Zot:5    | Killed a Killer Klown
 72309 | Zot:5    | Killed an orb of fire
 72310 | Zot:5    | Reached XP level 26. HP: 254/283 MP: 4/35
 72520 | Zot:5    | Noticed a dread lich
 72527 | Zot:5    | Noticed an orb of fire
 72528 | Zot:5    | Killed a dread lich
 72531 | Zot:5    | Gained mutation: You have an increased reservoir of magic.
                  | (+10% MP) [an orb of fire]
 72538 | Zot:5    | Gained mutation: You are clumsy. (Dex -2) [an orb of fire]
 72544 | Zot:5    | Killed an orb of fire
 72645 | Zot:5    | Identified the +0 robe "Motiegg" {rF++ rC-}
 72713 | Zot:5    | Noticed an orb of fire
 72719 | Zot:5    | Killed an orb of fire
 73128 | Zot:5    | Received a gift from Sif Muna
 73129 | Zot:5    | Got Ujienoage's Precepts of Ghastly Adjuration {god gift}
 73376 | Zot:5    | Noticed an orb of fire
 73381 | Zot:5    | Gained mutation: You are vulnerable to cold. (rC-) [an orb
                  | of fire]
 73387 | Zot:5    | Killed an orb of fire
 73479 | Zot:5    | Noticed an ancient lich
 73483 | Zot:5    | Killed an ancient lich
 73483 | Zot:5    | Noticed an ancient lich
 73485 | Zot:5    | Killed an ancient lich
 73485 | Zot:5    | Noticed an orb of fire
 73486 | Zot:5    | Gained mutation: Your spells are a little easier to cast,
                  | but a little less powerful. [an orb of fire]
 73489 | Zot:5    | Killed an orb of fire
 73612 | Zot:5    | Noticed an orb of fire
 73613 | Zot:5    | Gained mutation: Armour fits poorly on your strangely
                  | shaped body. [an orb of fire]
 73620 | Zot:5    | Killed an orb of fire
 74623 | Crypt:1  | Entered Level 1 of the Crypt
 74733 | Crypt:1  | Found a magical portal.
 74742 | WizLab   | Entered Zonguldrok's Shrine
 75232 | WizLab   | Received a gift from Sif Muna
 75235 | WizLab   | Got Sif Muna's Vellum of Generative Clay {god gift}
 75338 | WizLab   | Identified the +0 shadow dragon scales "Botaqu" {Fly rPois
                  | rC- Stlth++++}
 76737 | Zot:5    | Got the Orb of Zot
 77127 | D:11     | Killed Grum
 77136 | D:11     | Noticed Lyit the pandemonium lord
 77195 | D:8      | Reached XP level 27. HP: 291/291 MP: 18/41
 77372 | D:$      | Escaped with the Orb!

Illustrated notes

Levels and vault maps discovered:
D:1:      elethiomel_arrival_shortcut, layout_basic, serial_shops,
          nicolae_shop_tiny_glass, minmay_misc_feat_rows
D:2:      layout_basic, serial_rivers, chequers_serial_rivers_room_b,
          chequers_serial_rivers_small_a, chequers_serial_rivers_room_a,
          chequers_serial_rivers_large_b, chequers_serial_rivers_room_a,
          serial_shops, nicolae_shop_tiny_glass
D:3:      layout_rooms, ebering_ecumenical_altar_box, nicolae_shop_vocational,
          uniq_robin, uniq_sigmund
D:4:      cheibrodos_quashed, layout_cave_pools, fedhas_altar_fruit_tree,
          chequers_temple_overflow_statue_of_worship,
          minmay_temple_entry_stoned_glass, minmay_quantized
D:5:      layout_basic
D:6:      layout_gridville, uniq_eustachio
D:7:      layout_basic, serial_shops, shop_statue, kennysheep_dice
D:8:      layout_loops_cross, david_lair_shrubbed
D:9:      layout_basic, ashenzari_conservatory_becter, serial_bayou,
          serial_bayou_pond_e, serial_bayou_shore_b, serial_bayou_shore_b,
          serial_bayou_pond_d, serial_bayou_shore_b, serial_bayou_lake_a,
          dk_vineyard_3, nicolae_letterblocks [nicolae_letter_subblock,
          nicolae_letter_subblock, nicolae_letter_subblock,
          nicolae_letter_subblock, nicolae_letter_subblock,
          nicolae_letter_subblock, nicolae_letter_subblock,
          nicolae_letter_subblock, nicolae_letter_subblock,
          nicolae_letter_subblock, nicolae_letter_subblock,
          nicolae_letter_subblock, nicolae_letter_subblock,
          nicolae_letter_subblock, nicolae_letter_subblock,
          nicolae_letter_subblock, nicolae_letter_subblock,
          nicolae_letter_subblock, nicolae_letter_subblock,
          nicolae_letter_subblock, nicolae_letter_subblock,
          nicolae_letter_subblock, nicolae_letter_subblock,
          nicolae_letter_subblock, nicolae_letter_subblock]
D:10:     layout_layer_cave, nicolae_trove_entry_diagonal
D:11:     layout_irregular_city, orc_0_dummy, uniq_grum
D:12:     layout_rooms, chequers_serial_rivers_micro_e, led_xom_imps
D:13:     layout_loops_ring, lightli_vaults_fourway_checkpoint,
          kennysheep_slug_shrine
D:14:     layout_loops_ring, gauntlet_entry_generic, minmay_between, uniq_louise
D:15:     grunt_enter_depths_hoard, layout_irregular_city,
          nzn_wu_jian_contemplation
Lair:1:   layout_misc_corridors, grunt_megastairs_4, serial_bayou_shore_b
Lair:2:   dreamdust_cave_troll, layout_regular_city, swamp_mist,
          nicolae_snake_entry_squirm, grunt_megastairs_3,
          infiniplex_staircase_pool_2, uniq_sonja, uniq_harold
Lair:3:   layout_loops_ring, infiniplex_staircase_pool
Lair:4:   layout_regular_city, dpeg_slime_entry_corner, bh_autumn_forest_stairs,
          hellmonk_talismancer
Lair:5:   minmay_lair_end_enchanted_forest, layout_gridlike,
          serial_bayou_shore_a
Swamp:1:  layout_falls_marsh, evilmike_swamp_ruin_rubble_2,
          nicolae_swamp_feature_on_the_river_bank
Swamp:2:  layout_basic_swamp, nicolae_swamp_big_swirl
Swamp:3:  layout_basic_swamp, evilmike_swamp_ruin_wall, nicolae_swamp_bean_lake,
          nicolae_swamp_hydra_murder_den
Swamp:4:  swamp_basic_johnstein, layout_basic_swamp, swamp_pool_1_2
Snake:1:  nicolae_snake_crotalidae_crossing, layout_misc_corridors,
          serial_shops, nicolae_square_shop
Snake:2:  layout_onion, serial_shops, nicolae_shop_pleasant_corner_grove,
          minmay_shoptagon
Snake:3:  layout_basic, minmay_shop_star
Snake:4:  snake_pit_salamanders_mu, layout_grid_maze, uniq_aizul
Orc:1:    layout_caves, special_room [special_room_bee], basic_altar
Orc:2:    pf_orc_diabolical, layout_caves, basic_altar, mines5_lemuel
Elf:1:    minmay_elf_arrival_circle, layout_gridlike,
          hangedman_elven_crosses_minicolossus
Elf:2:    nicolae_elf_blades_splatter_lattice
          [nicolae_blade_entry_floor_patterns], layout_onion_city, basic_altar,
          serial_shops, nicolae_take_the_stairs
Elf:3:    grunt_elf_hall_diamonds, layout_loops_corners,
          minmay_misc_feat_pillars, st_stairs_5, serial_library_hellmonk_room_b
Vaults:1: nicolae_vaults_tetromino_Z_1, v_misc_19, v_misc_22,
          grunt_vaults_focal, nicolae_vaults_house_1, nicolae_whirlpool,
          nicolae_vaults_gold_heap, nicolae_vaults_bisected_exclaves,
          hangedman_vaults_corner_blocks, layout_vaults_big_room, serial_shops,
          shop, uniq_norris
Vaults:2: nzn_ghost_randoct, vaults_room_octagon,
          nicolae_vaults_closet_pinwheel_5, v_pattern_1,
          vaults_room_stairs_pillars, vaults_mumra_chevron,
          nicolae_vaults_disjoint_gnomons, ontoclasm_vaults_fault,
          nicolae_vaults_alarming, ontoclasm_vaults_loading_screen,
          layout_vaults_maze
Vaults:3: minmay_crypt_entry_simple_box, nicolae_vaults_trapezoid_layered,
          v_misc_9, ontoclasm_vaults_echo, vaults_room_pool, v_misc_27,
          nicolae_vaults_house_1, nicolae_vaults_little_squares_3,
          nicolae_vaults_double_plus_2, layout_vaults_omnigrid
Vaults:4: v_pattern_2, grunt_vaults_funnel, grunt_vaults_hallway_short,
          vaults_standard_mumra_x, nicolae_vaults_apartment_2,
          vaults_dpeg_hooks, dpeg_vaults_monster_box,
          vaults_standard_mumra_lines, nicolae_vaults_storage_room_water,
          nicolae_vaults_apartment_1, dpeg_vaults_hating_casters, v_misc_15,
          grunt_vaults_hallway_short, layout_vaults_omnibox, uniq_mara
Vaults:5: serial_shops, uniq_bai_suzhen, uniq_sojobo
Crypt:1:  layout_regular_city, mu_enter_wizlab_5, grunt_crypt_arrival_webbed
Depths:1: layout_forbidden_donut, hell_entry, serial_shops,
          nicolae_shop_real_fake_doors, minivault_14, nicolae_diode_stairs,
          minmay_shop_grove
Depths:2: evilmike_negative_zone, layout_honeycomb, corexii_corridor_pit,
          grunt_pan_entry_in_and_out, hell_entry,
          gammafunk_ghost_berserking_beasts
Depths:3: thingy_vault_2, layout_basic, abyss_entry, grunt_mini_vestibule,
          gammafunk_ghost_wrathful_warriors, rand_demon_pan_entry_8
Depths:4: grunt_zot_entry_bicorn, layout_long_grid, enter_ziggurat_f,
          nicolae_ru_sacrificial_ziggurat, pf_coc_iceberg,
          ebering_ghost_disaster_area, roadster_trireme
Zot:1:    layout_misc_corridors, lemuel_golem_globe
Zot:2:    layout_concentric_octagons
Zot:3:    layout_onion_interference, zot_minivault_7
Zot:4:    layout_gridlike
Zot:5:    layout_twisted_circle, st_stairs_8

Skill      XL: |  1  2  3  4  5  6  7  8  9 10 11 12 13 14 15 16 17 18 19 20 21 22 23 24 25 26 |
---------------+-------------------------------------------------------------------------------+-----
Fighting       | 1 2 3 4 5 7 9 10 11 13 15 18 20 | 20.0
Unarmed Combat | 4 5 6 8 10 11 14 15 16 17 18 20 22 | 22.0
Shapeshifting  | 5 7 11 12 13 17 18 | 18.0
Evocations     | 2 5 |  5.0
Translocations | 1 3 8 10 12 13 | 13.3
Air Magic      | 2 7 9 11 12 | 12.0
Spellcasting   | 4 5 |  5.0
Invocations    | 4 10 13 18 22 | 22.7
Dodging        | |  1.6

Action                     |  1- 3 |  4- 6 |  7- 9 | 10-12 | 13-15 | 16-18 | 19-21 | 22-24 | 25-27 || total
---------------------------+-------+-------+-------+-------+-------+-------+-------+-------+-------++-------
  Melee: Unarmed           |    95 |   170 |   208 |   469 |   956 |   744 |  1052 |  1174 |   797 ||  5665
         Punch             |     2 |     5 |     4 |    20 |    55 |    79 |    80 |    42 |    31 ||   318
         Constrict         |       |       |       |       |    92 |       |       |       |       ||    92
         Tailslap          |       |       |       |       |     7 |   105 |   116 |    52 |    28 ||   308
         Bite              |       |       |       |       |     3 |    72 |    68 |    50 |    25 ||   218
  Throw: Boomerang         |       |       |     5 |     6 |     8 |       |       |       |       ||    19
         Dart              |       |       |       |     2 |     2 |       |       |       |       ||     4
   Cast: Vhi's Electric Ch |       |       |       |       |       |     7 |    18 |    14 |       ||    39
         Manifold Assault  |       |       |       |       |       |       |   480 |   774 |   562 ||  1816
         Apportation       |       |       |       |       |       |       |       |    24 |       ||    24
         Shatter           |       |       |       |       |       |       |       |     2 |       ||     2
         Swiftness         |       |       |       |       |       |       |       |     1 |       ||     1
         Blink             |       |       |       |       |       |       |       |     4 |     1 ||     5
         Dispersal         |       |       |       |       |       |       |       |     1 |     1 ||     2
 Invoke: Channel Magic     |       |       |       |       |       |       |     7 |    47 |    22 ||    76
         Divine Exegesis   |       |       |       |       |       |       |       |     2 |       ||     2
Ability: Breathe Fire      |       |       |       |       |     3 |    10 |     8 |       |       ||    21
  Evoke: Wand              |       |     3 |     8 |    30 |     6 |     2 |       |     2 |     2 ||    53
         Phantom mirror    |       |       |       |       |     2 |     2 |       |     1 |       ||     5
    Use: Scroll            |       |       |    16 |    11 |    18 |    14 |     3 |    13 |     6 ||    81
         Potion            |       |       |     1 |     5 |     4 |    11 |     1 |     9 |     5 ||    36
   Stab: Paralysed         |       |     6 |       |     9 |       |       |       |       |       ||    15
         Distracted        |       |       |       |       |     3 |     2 |       |     1 |       ||     6
         Sleeping          |       |       |       |       |     2 |     3 |     3 |       |       ||     8
         Confused          |       |       |       |       |       |     3 |       |       |       ||     3
 Armour: Animal skin       |    51 |   115 |    59 |       |       |       |       |       |       ||   225
         Skin              |       |       |    83 |   174 |   340 |   909 |   573 |   458 |   256 ||  2793
         Acid dragon scale |       |       |       |   192 |   392 |       |       |       |       ||   584
  Dodge: Dodged            |    42 |    57 |    72 |   192 |   327 |   256 |   139 |    98 |    50 ||  1233
  Block: Other             |       |       |       |    53 |   120 |       |       |       |       ||   173
         Reflection        |       |       |       |     7 |     9 |       |       |       |       ||    16
   Form: Flux              |       |       |     1 |       |       |       |       |       |       ||     1
         Beast             |       |       |       |     1 |       |       |       |       |       ||     1
         Blade             |       |       |       |     1 |     1 |       |       |       |       ||     2
                           |       |       |       |     1 |       |       |     1 |       |       ||     2
         Serpent           |       |       |       |       |     1 |       |       |       |       ||     1
         Dragon            |       |       |       |       |     1 |       |     1 |       |       ||     2

Table legend: (Time is in decaauts)
 A = Elapsed time spent in this place.
 B = Non-inter-level travel time spent in this place.
 C = Inter-level travel time spent in this place.
 D = Time resting spent in this place.
 E = Time spent auto-exploring this place.
 F = Levels seen in this place.
 G = Mean time per level.
                   A        B        C        D        E       F      G
               +--------+--------+--------+--------+--------+-----+--------+
         Total |  75793 |  70627 |   5166 |  15317 |  39567 |  50 | 1515.9 |
       Dungeon |  15725 |  13743 |   1982 |   1494 |   8244 |  15 | 1048.3 |
          Lair |   5659 |   5230 |    429 |    469 |   3278 |   5 | 1131.8 |
         Swamp |   3466 |   3328 |    138 |    865 |   1506 |   4 |  866.5 |
     Snake Pit |   5003 |   4865 |    138 |   1030 |   2512 |   4 | 1250.8 |
  Orcish Mines |   3139 |   2944 |    195 |   1112 |    716 |   2 | 1569.5 |
   Elven Halls |   7070 |   6941 |    129 |   1278 |   4777 |   3 | 2356.7 |
        Vaults |  12099 |  11238 |    861 |   2386 |   6427 |   5 | 2419.8 |
         Crypt |    963 |    940 |     23 |    156 |    598 |   1 |  963.0 |
        Depths |  10271 |   9659 |    612 |   1972 |   6210 |   4 | 2567.8 |
           Zot |  11439 |  10784 |    655 |   4146 |   5241 |   5 | 2287.8 |
        Wizlab |    640 |    640 |      0 |    363 |     58 |   1 |  640.0 |
      Gauntlet |    315 |    315 |      0 |     44 |      0 |   1 |  315.0 |
               +--------+--------+--------+--------+--------+-----+--------+

Top non-repeatable levels by time:
Vaults:5: 3538 daAuts
Depths:2: 3208 daAuts
   Zot:5: 3116 daAuts
Depths:3: 3111 daAuts
   Elf:3: 3083 daAuts
 Snake:4: 2740 daAuts
   Zot:4: 2624 daAuts
Depths:4: 2466 daAuts
   Zot:2: 2442 daAuts
Vaults:3: 2309 daAuts
Vaults:1: 2257 daAuts
   Elf:1: 2160 daAuts
Vaults:4: 2074 daAuts
   Zot:3: 1954 daAuts
Vaults:2: 1919 daAuts
